 Dungeon Crawl Stone Soup version 0.32-a0-7-ge934b4519a (webtiles) character file.

Game seed: 17380547444706108980

99 anacleto the Changeling (level 4, -3/40 HPs)
             Began as a Troll Shapeshifter on Jan 13, 2024.
             Slain by a gnoll
             ... wielding a +0 halberd
              (10 damage)
             ... on level 2 of the Dungeon.
             The game lasted 00:01:52 (1273 turns).

anacleto the Changeling (Troll Shapeshifter)        Turns: 1273, Time: 00:01:53

Health: -3/40      AC:  4    Str: 24    XL:     4   Next: 45%
Magic:  3/3        EV:  9    Int:  6    God:
Gold:   29         SH:  0    Dex:  9    Spells: 3/3 levels left

rFire   . .          .
                       - Unarmed
rCold   . . .        (no shield)
rNeg    . . .        a - +0 animal skin
rPois   .            (helmet currently unavailable)
rElec   .            (cloak currently unavailable)
rCorr   .            (gloves unavailable)
SInv    .            (boots unavailable)
Will    .....        (no amulet)
Stlth   +            (no ring)
HPRegen 1.06/turn    (no ring)
MPRegen 0.08/turn

%: no passive effects
@: beast-form
A: beast (slay +2), large, unfitting armour, claws 3, regeneration 1, shaggy fur
1, tough skin 1
a: Begin Untransformation


You were on level 2 of the Dungeon.
You were a hulking beast.
You visited 1 branch of the dungeon, and saw 2 of its levels.

You collected 29 gold pieces.

Inventory:

Armour
 a - a +0 animal skin (worn)
Talismans
 c - a beast talisman
 d - a flux talisman
Scrolls
 g - a scroll of torment {unknown}
 h - a scroll of revelation {unknown}
 i - a scroll of poison {unknown}
 j - a scroll of fog {unknown}
 l - a scroll of teleportation {unknown}
Potions
 b - a potion of lignification
 e - a potion of enlightenment {unknown}
 f - 2 potions of curing {unknown}
 k - a potion of berserk rage {unknown}


   Skills:
 - Level 0.7 Fighting
 - Level 1.5 Dodging
 - Level 3.0 Unarmed Combat
 + Level 5.0 Shapeshifting


You had 3 spell levels left.
You didn't know any spells.
Your spell library was empty.

Dungeon Overview and Level Annotations

Branches:
Dungeon (2/15)

Altars:


Innate Abilities, Weirdness & Mutations

You are a hulking beast.
Your limbs bulge with bestial killing power. (Slay +2)
You are too large for most types of armour.
You have claws for hands.
Your natural rate of healing is unusually fast.
You are covered in fur. (AC +1)
You have tough skin. (AC +1)


Message History

You hear a shout!
A gnoll comes into view. It is wielding a +0 halberd.
The gnoll hits you with a +0 club.
You claw the gnoll!
You kill the gnoll!
You see here a +0 club.
You claw the gnoll!
The gnoll is heavily wounded.
The gnoll hits you with a +0 flail.
You completely miss the gnoll.
The gnoll is heavily wounded.
The gnoll closely misses you. The gnoll barely misses you.
You claw the gnoll!
You kill the gnoll!
The gnoll barely misses you. The gnoll closely misses you.
The gnoll hits you with a +0 spear.
You see here a +0 flail.
You scratch the gnoll.
The gnoll is moderately wounded.
The gnoll hits you with a +0 spear.
The gnoll hits you from afar with a +0 halberd.
You scratch the gnoll.
The gnoll is heavily wounded.
The gnoll hits you with a +0 spear. The gnoll closely misses you.
You claw the gnoll!
You kill the gnoll!
The gnoll hits you from afar with a +0 halberd.
Your Shapeshifting skill increases to level 5!
The gnoll barely misses you.
You see here a +0 spear.
You barely miss the gnoll. The gnoll hits you but does no damage.
You barely miss the gnoll. The gnoll hits you with a +0 halberd!
You claw the gnoll! Your claw misses the gnoll.
The gnoll is severely wounded.
The gnoll hits you with a +0 halberd!
* * * LOW HITPOINT WARNING * * *
You barely miss the gnoll.
The gnoll is severely wounded.
The gnoll hits you with a +0 halberd!
You die...

#g# >.# ..# ..# ####
..##### ... .......
..################.....?(
..'...........))hg.#
..################.#...
..# #.#..# ..# #.#.#..#
.## #.#.#..# .# #.#.#..#
.# #.#.#..# .# #.#.#..###
.# #.#.#....#


You could see a gnoll.

Vanquished Creatures
  3 gnolls (D:2)
  An adder (D:2)
  A dart slug (D:1)
  A ball python (D:1)
  9 bats
  8 endoplasms
  6 giant cockroaches
  3 goblins (D:1)
  4 hobgoblins (D:1)
  8 jackals (D:1)
  A quokka (D:1)
  3 frilled lizards (D:1)
  2 kobolds
  3 rats (D:1)
53 creatures vanquished.

Notes
Turn   | Place    | Note
-------+----------+-------------------------------------------
     0 | D:1      | anacleto the Troll Shapeshifter began the quest for the
                  | Orb.
     0 | D:1      | Reached XP level 1. HP: 18/18 MP: 0/0
   246 | D:1      | Reached XP level 2. HP: 25/26 MP: 1/1
   406 | D:1      | Reached skill level 4 in Shapeshifting
   436 | D:1      | Reached XP level 3. HP: 32/32 MP: 2/2
  1209 | D:2      | Reached XP level 4. HP: 38/40 MP: 3/3
  1269 | D:2      | Reached skill level 5 in Shapeshifting
  1273 | D:2      | Slain by a gnoll

Illustrated notes

Levels and vault maps discovered:
D:1:      dpeg_cavernosity, layout_basic
D:2:      layout_basic, shapermc_ecumenical_altar_petra,
          uniq_crazy_yiuf_cottage, uniq_natasha

Skill      XL: |  1  2  3  4 |
---------------+-------------+-----
Shapeshifting  | 4 5 |  5.0
Fighting       | |  0.7
Dodging        | |  1.5
Unarmed Combat | |  3.0

Action                     |  1- 3 |  4- 6 || total
---------------------------+-------+-------++-------
  Melee: Unarmed           |   105 |    12 ||   117
   Stab: Sleeping          |     1 |       ||     1
 Armour: Animal skin       |    78 |    12 ||    90
  Dodge: Dodged            |    62 |     6 ||    68

Table legend: (Time is in decaauts)
 A = Elapsed time spent in this place.
 B = Non-inter-level travel time spent in this place.
 C = Inter-level travel time spent in this place.
 D = Time resting spent in this place.
 E = Time spent auto-exploring this place.
 F = Levels seen in this place.
 G = Mean time per level.
                   A        B        C        D        E       F      G
               +--------+--------+--------+--------+--------+-----+--------+
         Total |   1266 |   1191 |     75 |      4 |    861 |   2 |  633.0 |
       Dungeon |   1266 |   1191 |     75 |      4 |    861 |   2 |  633.0 |
               +--------+--------+--------+--------+--------+-----+--------+

Top non-repeatable levels by time:
     D:1: 1114 daAuts
     D:2: 151 daAuts
